 Dungeon Crawl Stone Soup version 0.27-a0-1140-g099f9bb0e8 (webtiles) character file.

Game seed: 17205830682185623291

5107 Morbidden the Slasher (level 10, -1/77 HPs)
             Began as a Demonspawn Fighter on May 10, 2021.
             Was a Follower of Cheibriados.
             Shot with an arrow by a centaur (10 damage)
             ... on level 9 of the Dungeon.
             The game lasted 00:10:15 (8505 turns).

Morbidden the Slasher (Demonspawn Fighter)          Turns: 8505, Time: 00:10:15

Health: -1/77      AC: 17    Str: 19    XL:     10   Next: 32%
Magic:  16/16      EV:  8    Int: 17    God:    Cheibriados [*.....]
Gold:   399        SH: 10    Dex: 15    Spells: 17/17 levels left

rFire    + . .     SeeInvis .   b - +1 dagger (drain)
rCold    + . .     Faith    .   c - +0 kite shield
rNeg     . . .     Spirit   .   f - +0 chain mail
rPois    .         Reflect  .   (no helmet)
rElec    .         Harm     .   q - +0 cloak {Stlth+}
rCorr    .         Rampage  .   (no gloves)
Will     .....                  (no boots)
Stlth    ..........             x - amulet of regeneration
HPRegen  1.22/turn              i - ring of protection from fire
MPRegen  0.15/turn              j - ring of protection from cold

@: about to teleport, sanguine armoured, flying, very slow
A: talons 2, demonic guardian 2, sanguine armour 1
a: Renounce Religion, Bend Time


You were on level 9 of the Dungeon.
You worshipped Cheibriados.
Cheibriados was aware of your devotion.
You visited 2 branches of the dungeon, and saw 10 of its levels.

You collected 399 gold pieces.

Inventory:

Hand Weapons
 a - a +0 long sword
 b - a +1 dagger of draining (weapon)
Missiles
 g - 9 boomerangs (quivered)
 w - 23 poisoned darts
 F - 8 silver javelins
 I - 2 boomerangs of dispersal
Armour
 c - a +0 kite shield (worn)
 f - a +0 chain mail (worn)
 q - a +0 cloak of stealth (worn)
Jewellery
 i - a ring of protection from fire (left hand)
 j - a ring of protection from cold (right hand)
 r - a ring of see invisible
 u - a ring of wizardry
 x - an amulet of regeneration (around neck)
 B - a ring of resist corrosion
Wands
 D - a wand of mindburst (14)
 K - a wand of flame (12)
Scrolls
 e - 2 scrolls of teleportation
 h - 2 scrolls of torment {unknown}
 k - 3 scrolls of identify
 m - a scroll of immolation {unknown}
 o - 3 scrolls of enchant armour {unknown}
 s - 2 scrolls of vulnerability {unknown}
 y - a scroll of noise {unknown}
 A - a scroll of magic mapping {unknown}
 C - 2 scrolls of fog {unknown}
 H - 2 scrolls of blinking {unknown}
 L - a scroll of silence {unknown}
 M - a scroll of fear {unknown}
Potions
 d - 2 potions of might
 l - 3 potions of curing
 n - 2 potions of flight
 p - 2 potions of brilliance {unknown}
 t - a potion of experience {unknown}
 v - 2 potions of haste {unknown}
 z - a potion of lignification {unknown}
 E - a potion of attraction {unknown}
 G - a potion of degeneration {unknown}
 J - a potion of cancellation {unknown}
 N - a potion of mutation {unknown}


   Skills:
 * Level 6.4 Fighting
 + Level 2.6(5.1) Short Blades
 * Level 6.8(7.1) Long Blades
 + Level 0.1 Throwing
 + Level 6.8 Armour
 * Level 5.2 Dodging
 + Level 0.1 Stealth
 + Level 6.1 Shields
 * Level 4.0 Spellcasting
 * Level 1.0 Invocations


You had 17 spell levels left.
You didn't know any spells.
Your spell library contained the following spells:

 Spells                   Type           Power      Damage    Failure   Level
 Corona                   Hex            3%         N/A       99%         1
 Sting                    Tmut/Pois      12%        1d3       99%         1
 Ensorcelled Hibernation  Hex/Ice        6%         N/A       100%        2
 Poisonous Vapours        Pois/Air       6%         N/A       100%        2
 Confusing Touch          Hex            3%         N/A       100%        3
 Dazzling Flash           Conj/Hex       6%         N/A       100%        3
 Ignite Poison            Fire/Tmut/Pois 3%         N/A       100%        3
 Mephitic Cloud           Conj/Pois/Air  3%         N/A       100%        3
 Tukima's Dance           Hex            3%         N/A       100%        3
 Olgreb's Toxic Radiance  Pois           3%         N/A       100%        4


Dungeon Overview and Level Annotations

Branches:
Dungeon (9/15)             Temple (1/1) D:4
   Lair: D:8-11         Orc: D:9-12

Altars:
Ashenzari
Cheibriados
Dithmenos
Elyvilon
Fedhas
Gozag
Hepliaklqana
Kikubaaqudgha
Makhleb
Nemelex Xobeh
Okawaru
Qazlal
Ru
Sif Muna
Trog
Uskayaw
Vehumet
Wu Jian
Xom
Yredelemnul
Zin
The Shining One

Annotations:
D:9 Psyche


Innate Abilities, Weirdness & Mutations

You have razor-sharp toenails.
A demonic guardian rushes to your aid.
When seriously injured, your bleeding wounds create armour. (AC +6)


Message History

The centaur shoots an arrow.
The arrow barely misses you. You block the tengu conjurer's attack.
The tengu conjurer pecks you but does no damage.
You block the tengu conjurer's attack.
Psyche casts a spell at herself.
Psyche flickers and vanishes!
Deactivating autopickup; reactivate with Ctrl-A.
The tengu warrior hits you with a +0 dire flail!
* * * LOW HITPOINT WARNING * * *
A demonic guardian appears!
The tengu warrior pecks you but does no damage.
You block the tengu warrior's attack.
You hear a shout! x3
A kobold brigand comes into view.
It is wielding a +0 dagger and quivering curare-tipped darts.
The kobold brigand shouts!
Unknown command.
Unknown command.
Unknown command.
It was a potion of curing.
You feel better.
The centaur shoots an arrow.
You block the arrow.
A kobold comes into view. It is wielding a +0 dagger.
The tengu conjurer hits you but does no damage.
The tengu conjurer pecks you.
* * * LOW HITPOINT WARNING * * *
The tengu conjurer claws you but does no damage.
The tengu warrior hits you with a +0 dire flail!
* * * LOW HITPOINT WARNING * * *
The tengu warrior pecks you but does no damage.
You block the tengu warrior's attack.
Your hellwing barely misses the battlesphere. x2
Unknown command.
Unknown command.
Unknown command.
Unknown command.
Unknown command.
It was a potion of flight.
You feel very buoyant.
You fly up into the air.
The centaur shoots an arrow.
You block the arrow.
The centaur shoots an arrow.
The arrow hits you!
You die...

.....................#
.....(...###....#.....
.......#.##.....#.....
.......#........#.....
#..............#......
#.######.......#......
#..............#......
(.#..4...........#...# #
.....*Q@..#......#..)###
..##.oQ...#...........).
.)......c.##.........)).
....K..O................
KK........##............
.K........#...<)#.......
..........#.....#.......
####.#..................
.................


You could see a tengu warrior, a two-headed ogre, a tengu conjurer, a kobold
brigand, a centaur, a battlesphere (ally target), an orc, 3 kobolds and a
friendly hellwing (summoned).

Vanquished Creatures
  Pikel (D:7)
  Sigmund (D:4)
  A wyvern (D:7)
  4 humans (D:7)
  A steam dragon (D:5)
  An ice beast (D:7)
  A black bear (D:8)
  An orc warrior (D:8)
  2 ogres (D:5)
  3 centaurs
  4 phantoms
  5 bullfrogs
  A scorpion (D:6)
  A wyvern skeleton (D:5)
  8 killer bees
  2 wights
  A bullfrog zombie (D:7)
  2 jellies
  2 centaur zombies
  4 orc priests
  2 bullfrog skeletons (D:6)
  2 gnoll shamans
  4 hounds
  Crazy Yiuf (D:2)
  2 centaur skeletons
  2 iguanas (D:4)
  2 orc wizards
  A killer bee zombie (D:6)
  A howler monkey zombie (D:8)
  8 gnolls
  2 adders
  2 white imps
  3 worms
  5 dart slugs
  15 orcs
  3 bats
  2 endoplasms
  2 giant cockroaches (D:1)
  11 goblins
  8 hobgoblins
  3 jackals (D:1)
  2 quokkas
  2 ball pythons
  A frilled lizard (D:3)
  5 kobolds
  3 rats
140 creatures vanquished.

Vanquished Creatures (collateral kills)
  A two-headed ogre (D:9)
  2 humans (D:7)
  A steam dragon (D:5)
  A scorpion (D:5)
  A water moccasin skeleton (D:5)
  3 killer bees (D:8)
  A wight (D:7)
  An orc priest (D:5)
  2 gnolls
  3 orcs
16 creatures vanquished.

Vanquished Creatures (others)
  2 orc wizards (D:8)
  An orc (D:9)
  A kobold (D:9)
  4 fungi (D:5)
8 creatures vanquished.

Grand Total: 164 creatures vanquished

Notes
Turn   | Place    | Note
-------+----------+-------------------------------------------
     0 | D:1      | Morbidden the Demonspawn Fighter began the quest for the
                  | Orb.
     0 | D:1      | Reached XP level 1. HP: 18/18 MP: 1/1
   483 | D:1      | Gained mutation: When seriously injured, your bleeding
                  | wounds create armour. (AC +6) [demonic ancestry]
   483 | D:1      | Reached XP level 2. HP: 22/24 MP: 2/2
  1321 | D:2      | Found a sacrificial altar of Ru.
  1387 | D:2      | Gained mutation: You have sharp toenails. [demonic
                  | ancestry]
  1387 | D:2      | Reached XP level 3. HP: 29/29 MP: 3/3
  1918 | D:2      | Found a faded altar of an unknown god.
  2220 | D:2      | Found a runed translucent door.
  2221 | D:2      | Noticed Crazy Yiuf
  2524 | D:2      | Killed Crazy Yiuf
  2525 | D:2      | Reached skill level 1 in Dodging
  2525 | D:2      | Reached XP level 4. HP: 26/35 MP: 4/4
  3621 | D:3      | Reached skill level 1 in Short Blades
  3621 | D:3      | Reached XP level 5. HP: 22/41 MP: 5/5
  3891 | D:4      | Found a staircase to the Ecumenical Temple.
  3938 | Temple   | Entered the Ecumenical Temple
  4161 | D:4      | Noticed a phantom
  4180 | D:4      | Killed a phantom
  4181 | D:4      | Gained mutation: A weak demonic guardian rushes to your
                  | aid. [demonic ancestry]
  4181 | D:4      | Reached XP level 6. HP: 45/48 MP: 6/6
  4196 | D:4      | Noticed Sigmund
  4216 | D:4      | Killed Sigmund
  4516 | D:5      | Entered Level 5 of the Dungeon
  4580 | D:5      | Reached XP level 7. HP: 54/54 MP: 7/7
  4852 | D:5      | Noticed a steam dragon
  4854 | D:5      | Noticed a steam dragon
  4866 | D:5      | Killed a steam dragon
  4880 | D:5      | Killed a steam dragon
  4967 | D:5      | Reached XP level 8. HP: 47/61 MP: 8/8
  5084 | D:5      | Reached skill level 5 in Armour
  5112 | D:5      | Reached skill level 5 in Fighting
  5112 | D:5      | Reached skill level 1 in Spellcasting
  5749 | D:6      | Found a shimmering blue altar of Sif Muna.
  6259 | D:7      | Reached skill level 5 in Long Blades
  6347 | D:7      | Gained mutation: You have razor-sharp toenails. [demonic
                  | ancestry]
  6347 | D:7      | Reached XP level 9. HP: 65/68 MP: 10/12
  6592 | D:7      | Reached skill level 5 in Shields
  6873 | D:7      | Noticed Pikel
  6904 | D:7      | Killed Pikel
  7041 | D:7      | Gained mutation: A demonic guardian rushes to your aid.
                  | [demonic ancestry]
  7041 | D:7      | Reached XP level 10. HP: 36/76 MP: 15/15
  7250 | D:8      | Found a hazy altar of Hepliaklqana.
  7250 | D:8      | Found a snail-covered altar of Cheibriados.
  7250 | D:8      | Found a shimmering altar of Xom.
  7250 | D:8      | Found a hide-covered altar of Uskayaw.
  7258 | D:8      | Found a stormy altar of Qazlal.
  7263 | D:8      | Found an iron altar of Okawaru.
  7273 | D:8      | Became a worshipper of Cheibriados the Contemplative
  7381 | D:8      | Found a basalt altar of Yredelemnul.
  7383 | D:8      | Noticed a profane servitor
  7397 | D:8      | Reached skill level 5 in Dodging
  7827 | D:8      | Reached * piety under Cheibriados
  8247 | D:8      | Noticed an angel
  8279 | D:9      | Noticed a two-headed ogre
  8291 | D:9      | Killed a two-headed ogre
  8398 | D:9      | Reached skill level 1 in Invocations
  8499 | D:9      | Noticed a tengu warrior
  8501 | D:9      | Noticed Psyche
  8501 | D:9      | Noticed a two-headed ogre
  8505 | D:9      | Shot with an arrow by a centaur

Illustrated notes

Levels and vault maps discovered:
D:1:      dpeg_arrival_round_a, layout_basic, minmay_pentomino_q4
D:2:      kennysheep_the_goblin_king, layout_loops_corners, basic_altar,
          ebering_ecumenical_altar_box, uniq_crazy_yiuf_cottage
D:3:      layout_basic, minmay_misc_feat_square, grunt_decor_junction
D:4:      layout_cave_pools, minmay_temple_entry_glass, hangedman_decor_lopped,
          uniq_sigmund
D:5:      kennysheep_steamy, layout_rooms, kennysheep_cross_bottleneck,
          corexii_checkpoint_a, minmay_misc_feat_encased
D:6:      layout_gridville, lemuel_blue_sif_altar, st_stairs_4
D:7:      layout_rooms, minmay_ruffians, uniq_pikel
D:8:      layout_basic, grunt_temple_overflow_holy_war, zin_scriptorium,
          minmay_overflow_temple_hex
D:9:      hangedman_cross_veins, layout_basic, uniq_grum, uniq_psyche
Temple:   nicolae_temple_hex_pool

Skill      XL: |  1  2  3  4  5  6  7  8  9 10 |
---------------+-------------------------------+-----
Long Blades    | 2 3 5 6 |  6.8
Shields        | 3 4 5 6 |  6.1
Armour         | 3 4 5 6 |  6.8
Dodging        | 1 2 3 4 5 |  5.2
Short Blades   | 1 2 |  2.6
Fighting       | 4 5 6 |  6.4
Spellcasting   | 2 3 4 |  4.0
Invocations    | 1 |  1.0
Throwing       | |  0.1
Stealth        | |  0.1

Action                   |  1- 3 |  4- 6 |  7- 9 | 10-12 || total
-------------------------+-------+-------+-------+-------++-------
Melee: Long sword        |    27 |    12 |   397 |    86 ||   522
       Dagger            |   102 |   125 |    78 |    58 ||   363
       Kick              |     8 |    41 |   145 |    47 ||   241
Throw: Boomerang         |       |       |     1 |     4 ||     5
  Use: Potion            |     1 |       |       |     2 ||     3
       Scroll            |       |       |       |     2 ||     2
Armor: Scale mail        |     9 |       |       |       ||     9
       Chain mail        |    57 |    76 |   351 |   108 ||   592
Dodge: Dodged            |    25 |    18 |   185 |    72 ||   300
Block: Kite shield       |    51 |    63 |   304 |   136 ||   554
       Rpst.: Long sword |     2 |       |    48 |    16 ||    66

Table legend: (Time is in decaauts)
 A = Elapsed time spent in this place.
 B = Non-inter-level travel time spent in this place.
 C = Inter-level travel time spent in this place.
 D = Time resting spent in this place.
 E = Time spent auto-exploring this place.
 F = Levels seen in this place.
 G = Mean time per level.
                   A        B        C        D        E       F      G
               +--------+--------+--------+--------+--------+-----+--------+
         Total |   9028 |   8543 |    485 |    306 |   6425 |  10 |  902.8 |
       Dungeon |   8936 |   8470 |    466 |    306 |   6354 |   9 |  992.9 |
        Temple |     91 |     72 |     19 |      0 |     71 |   1 |   91.0 |
               +--------+--------+--------+--------+--------+-----+--------+

Top non-repeatable levels by time:
     D:1: 1338 daAuts
     D:2: 1333 daAuts
     D:8: 1325 daAuts
     D:3: 1108 daAuts
     D:5: 1049 daAuts
     D:7: 985 daAuts
     D:4: 843 daAuts
     D:6: 672 daAuts
     D:9: 279 daAuts
  Temple: 91 daAuts
